 Dungeon Crawl Stone Soup version 0.31-a0-743-g45f7035092 (webtiles) character file.

Game seed: 13202330826510932516

5530 FIREandBLOOD the Thaumaturge (level 10, 52/52 HPs)
             Began as a Deep Elf Hexslinger on Sept 11, 2023.
             Was a Believer of Vehumet.
             Quit the game on level 9 of the Dungeon on Oct 27, 2023.
             The game lasted 01:15:14 (11091 turns).

FIREandBLOOD the Thaumaturge (Deep Elf Hexslinger) Turns: 11091, Time: 01:15:14

Health: 52/52      AC:  8    Str:  7    XL:     10   Next: 43%
Magic:  26/26      EV: 19    Int: 21    God:    Vehumet [**....]
Gold:   558        SH:  0    Dex: 17    Spells: 14/30 levels left

rFire   + . .        a - +3 sling
rCold   . . .        (no shield)
rNeg    . . .        x - +2 robe {rF+}
rPois   .            (no helmet)
rElec   .            t - +1 cloak
rCorr   .            v - +1 pair of gloves
SInv    .            (no boots)
Will    +....        (no amulet)
Stlth   ++           G - +5 ring of evasion
HPRegen 0.28/turn    F - ring of wizardry
MPRegen 0.20/turn

%: wizardry (x1)
@: studying Poison Magic
A: no striking features
a: Renounce Religion


You were on level 9 of the Dungeon.
You worshipped Vehumet.
Vehumet was pleased with you.
You visited 2 branches of the dungeon, and saw 10 of its levels.
You also visited: Sewer.

You collected 558 gold pieces.

Inventory:

Hand Weapons
 a - a +3 sling (weapon)
Armour
 t - a +1 cloak (worn)
 v - a +1 pair of gloves (worn)
 x - a +2 robe of fire resistance (worn)
Magical Staves
 k - a staff of earth
 D - a staff of poison
Jewellery
 c - a ring of protection from cold
 e - a ring of fire
 n - an amulet of guardian spirit
 u - a ring of see invisible
 y - a ring of flight
 F - a ring of wizardry (right hand)
 G - a +5 ring of evasion (left hand)
Wands
 d - a wand of roots (13)
 i - a wand of mindburst (12)
 l - a wand of acid (7)
 E - a wand of polymorph (4)
Scrolls
 b - 2 scrolls of poison
 j - 3 scrolls of immolation
 o - 5 scrolls of identify
 p - 4 scrolls of amnesia
 r - 5 scrolls of teleportation
 w - 2 scrolls of vulnerability
 z - a scroll of fear
 C - a scroll of fog {unknown}
Potions
 f - 3 potions of brilliance {unknown}
 g - 3 potions of heal wounds {unknown}
 h - 6 potions of curing
 m - a potion of berserk rage {unknown}
 q - a potion of might {unknown}
 s - 2 potions of lignification {unknown}
 A - 4 potions of attraction
 B - 2 potions of enlightenment {unknown}
 H - a potion of haste


   Skills:
 - Level 1.0 Fighting
 - Level 8.0 Ranged Weapons
 - Level 5.0 Dodging
 - Level 10.7 Spellcasting
 + Level 9.7 Conjurations
 - Level 7.0 Hexes
 * Level 9.5 Fire Magic


You had 14 spell levels left.
You knew the following spells:

 Your Spells              Type           Power      Damage    Failure   Level
a - Foxfire               Conj/Fire      100%       2x1d9     1%          1
b - Fulminant Prism       Conj/Hex       23%        3d12      1%          4
c - Dazzling Flash        Conj/Hex       92%        N/A       1%          3
d - Fireball              Conj/Fire      25%        3d11      1%          5
e - Volatile Blastmotes   Fire/Tloc      62%        2d15      1%          3

Your spell library contained the following spells:

 Spells                   Type           Power      Damage    Failure   Level
 Momentum Strike          Conj/Tloc      62%        3d9       1%          2
 Jinxbite                 Hex            80%        N/A       1%          2
 Inner Flame              Hex/Fire       46%        N/A       1%          3
 Mephitic Cloud           Conj/Pois/Air  24%        N/A       1%          3
 Sigil of Binding         Hex            40%        N/A       1%          3
 Cause Fear               Hex            20%        N/A       1%          4
 Poisonous Vapours        Pois/Air       22%        N/A       3%          2
 Iskenderun's Mystic Bla  Conj/Tloc      31%        2d8       3%          4
 Dimensional Bullseye     Hex/Tloc       12%        N/A       6%          4
 Starburst                Conj/Fire      25%        6d8       7%          6
 Freezing Cloud           Conj/Ice/Air   12%        6-21      17%         5
 Maxwell's Capacitive Co  Air            5%         ∞         100%        8
 Dragon's Call            Summ           5%         N/A       100%        9


Dungeon Overview and Level Annotations

Branches:
Dungeon (9/15)             Temple (1/1) D:5             Orc (0/2) D:9
  Sewer (visited)
   Lair: D:8-11

Altars:
Ashenzari
Dithmenos
Elyvilon
Fedhas
Gozag
Hepliaklqana
Makhleb
Nemelex Xobeh
Okawaru
Qazlal
Ru
Trog
Vehumet
Wu Jian
Xom
Yredelemnul
Zin
The Shining One

Annotations:
D:3 2 transporters, Battleaxe07's ghost, amateur TrGl
D:6 1 runed translucent door, Crazy Yiuf
D:7 1 runed translucent door, Newt's ghost, novice GrFi
D:9 Gastronok


Message History

Confirm with . or Enter, or press ? or * to list all spells.
Aiming: Fireball (dangerous; 1% risk of failure)
Press: ? - help, Shift-Dir - straight line The fireball explodes!
The fireball engulfs the acid dragon!!
You kill the acid dragon!
Vehumet accepts your kill.
You feel your power returning.
The acid dragon scales are intact enough to wear.
You start resting.
Magic restored.
Found a stone staircase leading down.
Found a potion of attraction.
A - 4 potions of attraction (gained 1)
You open the door.
Gastronok the Ponderous comes into view.
He is wearing a +2 hat of willpower.
Gastronok gurgles horribly!
You hear a shout!
Found an escape hatch in the ceiling.
Press: ? - help, v - describe, . - travel
Here: Gastronok, wearing a +2 hat of willpower The floor.
Press: ? - help, v - describe, . - travel The floor.
Okay, then.
As you close the door, it creaks loudly!
You hear a shout!
A cyclops comes into view.
You see here a +0 club.
Level annotation: Gastronok Welcome back, FIREandBLOOD the Deep Elf Hexslinger.
Vehumet says: Let it end in hellfire!
Press ? for a list of commands and other information.
Level annotation: Gastronok Welcome back, FIREandBLOOD the Deep Elf Hexslinger.
Vehumet says: Let it end in hellfire!
Press ? for a list of commands and other information.
Level annotation: Gastronok Welcome back, FIREandBLOOD the Deep Elf Hexslinger.
Vehumet says: Let it end in hellfire!
Press ? for a list of commands and other information.
Are you sure you want to abandon this character and quit the game? (Confirm with "yes".)

............#
#......#.#.##....
######.####.#
#....###.#....... # #.# #.#
##...## #......### # #.#
#.####...#####..#...... #
#.####...##.###...#..#.#.###
# #...........#
#...#..#.#....
#############...#
#...#..#.#####
##...........##).#
#...#..#.###..
#<.#########.###@#
#......#...... #).# #.....#
###.#..######. #..#
#####.#####.##.# #. #).#
#[#......#.# #. #..#
#.#.###..#.# #. ...# #.#.#
#..#.### #. ..## ######.#.#
#..#...# #. ### #.).)[.#.#
#..###.# ## #.######.# #..#
#.#


There were no monsters in sight!

Vanquished Creatures
  Pikel (D:5)
  Prince Ribbit (D:7)
  Sigmund (D:3)
  Grum (D:9)
  3 steam dragons
  4 water moccasins
  2 acid dragons (D:9)
  Pargi (D:2)
  3 orc warriors (D:9)
  A swamp drake (D:9)
  A sky beast (D:6)
  2 wolves (D:9)
  An ogre (D:4)
  2 centaurs (D:7)
  A phantom (D:5)
  3 lemures (D:5)
  2 kobold brigands
  3 bullfrogs
  2 scorpions
  16 killer bees
  An electric eel (D:9)
  2 howler monkeys
  5 hounds
  7 orc priests
  2 jellies (D:5)
  Ijyb (D:4)
  7 iguanas
  A sleepcap (D:6)
  7 orc wizards
  11 adders
  4 gnolls (D:4)
  3 river rats
  A shadow imp (D:6)
  An ufetubus (D:6)
  5 worms
  3 dart slugs
  26 orcs
  13 ball pythons
  11 endoplasms
  5 giant cockroaches
  9 hobgoblins
  3 jackals (D:4)
  14 kobolds
  5 quokkas
  4 bats (D:3)
  12 frilled lizards
  4 goblins
  14 rats
232 creatures vanquished.

Vanquished Creatures (others)
  98 foxfires
  63 fulminant prisms
161 creatures vanquished.

Grand Total: 393 creatures vanquished

Notes
Turn   | Place    | Note
-------+----------+-------------------------------------------
     0 | D:1      | FIREandBLOOD the Deep Elf Hexslinger began the quest for
                  | the Orb.
     0 | D:1      | Reached XP level 1. HP: 11/11 MP: 5/5
    55 | D:1      | Reached skill level 1 in Fighting
   186 | D:1      | Reached XP level 2. HP: 16/16 MP: 6/6
   801 | D:2      | Reached skill level 5 in Ranged Weapons
   801 | D:2      | Reached XP level 3. HP: 20/20 MP: 7/7
  1028 | D:2      | Reached XP level 4. HP: 25/25 MP: 8/8
  1082 | D:2      | Reached skill level 2 in Spellcasting
  1624 | D:3      | Noticed Sigmund
  1749 | D:3      | Learned a level 4 spell: Fulminant Prism
  1760 | D:3      | Noticed Pargi
  1824 | D:2      | Reached skill level 10 in Spellcasting
  1824 | D:2      | Reached XP level 5. HP: 13/29 MP: 11/20
  2001 | D:2      | Killed Pargi
  2002 | D:2      | Reached XP level 6. HP: 34/34 MP: 10/21
  2258 | D:3      | Found a transporter.
  2258 | D:3      | Noticed Battleaxe07's ghost (amateur TrGl)
  2430 | D:3      | Found a transporter.
  2491 | D:3      | Killed Sigmund
  2492 | D:3      | Reached skill level 5 in Hexes
  2492 | D:3      | Reached XP level 7. HP: 32/38 MP: 10/23
  3310 | D:4      | Learned a level 5 spell: Fireball
  3418 | D:4      | Reached XP level 8. HP: 28/43 MP: 20/24
  3517 | D:4      | Noticed Ijyb
  3526 | D:4      | Killed Ijyb
  3924 | D:4      | Identified the +0 ring mail "Esyecs" {Dex+2}
  3944 | D:5      | Entered Level 5 of the Dungeon
  4202 | D:5      | Found a staircase to the Ecumenical Temple.
  4214 | Temple   | Entered the Ecumenical Temple
  4240 | Temple   | Became a worshipper of Vehumet
  4725 | D:5      | Noticed Pikel
  4734 | D:5      | Killed Pikel
  4735 | D:5      | Reached skill level 5 in Fire Magic
  5343 | D:6      | Reached XP level 9. HP: 44/47 MP: 19/25
  5434 | D:6      | Found a glowing drain.
  5452 | Sewer    | Entered a sewer
  5720 | Sewer    | Reached * piety under Vehumet
  5720 | Sewer    | Offered knowledge of Foxfire by Vehumet.
  5723 | Sewer    | Learned a level 1 spell: Foxfire
  5846 | Sewer    | Upgraded the game from 0.31-a0-716-gc7603755dd to
                  | 0.31-a0-728-g01b46875f1
  6078 | D:6      | Found a bloodstained altar of Trog.
  6197 | D:6      | Found a runed translucent door.
  6198 | D:6      | Noticed Crazy Yiuf
  6595 | D:6      | Found an iron altar of Okawaru.
  6595 | D:6      | Found a glowing silver altar of Zin.
  6956 | D:7      | Found a runed translucent door.
  6956 | D:7      | Noticed Newt's ghost (novice GrFi)
  7102 | D:7      | Noticed Prince Ribbit
  7184 | D:7      | Killed Prince Ribbit
  8688 | D:8      | Learned a level 3 spell: Dazzling Flash
  9060 | D:8      | Reached skill level 5 in Dodging
  9208 | D:9      | Noticed a two-headed ogre
  9300 | D:9      | Reached XP level 10. HP: 52/52 MP: 20/26
  9814 | D:9      | Offered knowledge of Momentum Strike by Vehumet.
  9952 | D:9      | Learned a level 3 spell: Volatile Blastmotes
  9965 | D:9      | Reached ** piety under Vehumet
 10318 | D:9      | Found a staircase to the Orcish Mines.
 10726 | D:9      | Noticed Grum
 10828 | D:9      | Killed Grum
 11063 | D:9      | Noticed Gastronok
 11076 | D:9      | Noticed a cyclops
 11091 | D:9      | Upgraded the game from 0.31-a0-728-g01b46875f1 to
                  | 0.31-a0-743-g45f7035092
 11091 | D:9      | Quit the game

Illustrated notes

Levels and vault maps discovered:
D:1:      minmay_arrival_up_and_down, layout_loops_ring, minmay_unequal
D:2:      layout_loops_ring
D:3:      layout_basic, gammafunk_ghost_stat_death, uniq_sigmund, uniq_pargi
D:4:      layout_loops_ring, minmay_checkerbox, uniq_ijyb
D:5:      layout_cave_pods, minmay_temple_entry_sparse_star,
          kennysheep_cluttered_room, eino_curves_02,
          wad_floor_pattern_untrapped, uniq_pikel
D:6:      layout_rooms, bloody_trog, amethyst_overflow_temple_binary,
          gup_sewer_entry_spiral, uniq_crazy_yiuf_cottage
D:7:      layout_loops_ring, gammafunk_ghost_grave, uniq_prince_ribbit1
D:8:      layout_cave_pods
D:9:      layout_basic, erik_orc_1, kennysheep_island_fort, uniq_grum,
          uniq_gastronok
Temple:   eino_wide_crystal_templ

Skill      XL: |  1  2  3  4  5  6  7  8  9 10 |
---------------+-------------------------------+-----
Fighting       | 1 |  1.0
Ranged Weapons | 3 5 6 7 8 |  8.0
Spellcasting   | 10 | 10.7
Conjurations   | 8 9 |  9.7
Hexes          | 5 6 7 |  7.0
Fire Magic     | 5 8 9 |  9.5
Dodging        | 5 |  5.0

Action                     |  1- 3 |  4- 6 |  7- 9 | 10-12 || total
---------------------------+-------+-------+-------+-------++-------
   Fire: Sling             |    78 |   137 |   221 |     3 ||   439
   Cast: Fulminant Prism   |       |     6 |    56 |     1 ||    63
         Foxfire           |       |       |    53 |    32 ||    85
         Fireball          |       |       |    27 |    29 ||    56
         Dazzling Flash    |       |       |       |     3 ||     3
         Volatile Blastmot |       |       |       |     2 ||     2
    Use: Potion            |       |     9 |     1 |       ||    10
         Scroll            |       |     1 |    10 |       ||    11
 Armour: Robe              |     7 |    58 |    80 |    10 ||   155
  Dodge: Dodged            |    15 |    74 |   131 |    34 ||   254

Table legend: (Time is in decaauts)
 A = Elapsed time spent in this place.
 B = Non-inter-level travel time spent in this place.
 C = Inter-level travel time spent in this place.
 D = Time resting spent in this place.
 E = Time spent auto-exploring this place.
 F = Levels seen in this place.
 G = Mean time per level.
                   A        B        C        D        E       F      G
               +--------+--------+--------+--------+--------+-----+--------+
         Total |  11107 |  10765 |    342 |   2924 |   3807 |  11 | 1009.7 |
       Dungeon |  10659 |  10317 |    342 |   2883 |   3548 |   9 | 1184.3 |
        Temple |     51 |     51 |      0 |      0 |      0 |   1 |   51.0 |
         Sewer |    396 |    396 |      0 |     41 |    259 |   1 |  396.0 |
               +--------+--------+--------+--------+--------+-----+--------+

Top non-repeatable levels by time:
     D:9: 1646 daAuts
     D:8: 1349 daAuts
     D:5: 1326 daAuts
     D:4: 1254 daAuts
     D:7: 1243 daAuts
     D:2: 1142 daAuts
     D:6: 1132 daAuts
     D:1: 851 daAuts
     D:3: 713 daAuts
   Sewer: 396 daAuts
  Temple: 51 daAuts
